[ AOE2 MATCH · #506296641 ]
UnrankedLithuanians vs Armenians
Rival team · LOSS
[ REPLAY ANALYSIS · EXTRACTED FROM THE RECORDED GAME ]
Feudal
9:16
Castle
19:58
Imperial
35:05
| APM avg | 66.6 |
| APM peak | 95 |
| eAPM avg | 34.4 |
| Villagers / military | 148 / 64 |
Focus
⚔️ 47.1% · 🌾 52.9%
Leitis ×20 · Skirmisher ×18 · Knight ×15 · Militia ×5 · Monk ×3 · Spearman ×3
Feudal
9:49
Castle
21:32
Imperial
32:58
| APM avg | 83.5 |
| APM peak | 184 |
| eAPM avg | 47.4 |
| Villagers / military | 147 / 52 |
Focus
⚔️ 69.0% · 🌾 31.0%
Spearman ×21 · Archer ×12 · Trebuchet (Packed) ×6 · Monk ×5 · Militia ×5 · Skirmisher ×2
Match map
Initial resources + every placement click. Lines = walls · curves = elevation contours. ◆ gold · ⬟ stone · ● berries · ✦ relic · ◌ wall gap
Your base· Open — 5t gap
XEVER | Rivux's base· Open — 7t gap
Smoothed initial terrain · ◌ = detected wall gap · hover for details
Inputs per minute
— Courtesy - - XEVER | Rivux
Build order — Courtesy
First 150 of 368 actions detected
| 0:01 | Create | Villager (Male) |
| 0:02 | Build | House |
| 0:02 | Build | House |
| 0:04 | Create | Villager (Male) ×5 |
| 1:13 | Create | Villager (Male) |
| 1:53 | Build | Lumber Camp |
| 2:04 | Create | Villager (Male) |
| 2:05 | Create | Villager (Male) |
| 2:37 | Create | Villager (Male) |
| 2:49 | Create | Villager (Male) |
| 3:21 | Create | Villager (Male) |
| 3:31 | Create | Villager (Male) |
| 3:49 | Build | House |
| 4:08 | Create | Villager (Male) |
| 4:14 | Create | Villager (Male) |
| 4:33 | Create | Villager (Male) |
| 4:54 | Build | Barracks |
| 5:28 | Build | House |
| 5:42 | Create | Villager (Male) |
| 5:56 | Build | Palisade Wall |
| 6:00 | Create | Militia |
| 6:00 | Create | Militia |
| 6:09 | Create | Villager (Male) |
| 6:20 | Research | Loom |
| 6:26 | Build | Palisade Wall |
| 6:39 | Research | Feudal Age |
| 6:52 | Create | Militia |
| 7:00 | Create | Militia |
| 7:22 | Create | Militia |
| 7:42 | Build | Palisade Wall |
| 7:56 | Create | Villager (Male) |
| 8:05 | Create | Villager (Male) |
| 8:08 | Build | House |
| 8:55 | Build | Mill |
| 8:56 | Create | Villager (Male) |
| 9:02 | Create | Villager (Male) |
| 9:16 | Age | Feudal Age |
| 9:23 | Research | Man-at-Arms (upgrade) |
| 9:23 | Research | Man-at-Arms (upgrade) |
| 9:30 | Create | Villager (Male) |
| 9:34 | Research | Double-Bit Axe |
| 9:34 | Research | Double-Bit Axe |
| 9:35 | Create | Villager (Male) |
| 9:59 | Build | Archery Range |
| 10:10 | Create | Villager (Male) |
| 10:14 | Build | House |
| 10:28 | Create | Villager (Male) |
| 10:31 | Build | Farm |
| 10:39 | Build | Farm |
| 10:47 | Create | Villager (Male) |
| 10:53 | Build | Farm |
| 10:57 | Create | Skirmisher |
| 11:07 | Build | Farm |
| 11:10 | Create | Skirmisher |
| 11:25 | Create | Villager (Male) |
| 11:30 | Build | Farm |
| 11:36 | Create | Skirmisher |
| 11:41 | Build | House |
| 11:56 | Create | Villager (Male) |
| 12:03 | Create | Spearman |
| 12:08 | Build | Farm |
| 12:08 | Create | Villager (Male) |
| 12:16 | Create | Skirmisher |
| 12:22 | Create | Villager (Male) |
| 12:24 | Build | House |
| 12:33 | Create | Villager (Male) |
| 12:40 | Research | Horse Collar |
| 12:42 | Create | Skirmisher |
| 12:43 | Create | Villager (Male) |
| 12:43 | Create | Villager (Male) |
| 12:44 | Create | Villager (Male) |
| 12:44 | Create | Villager (Male) |
| 13:06 | Build | Farm |
| 13:11 | Create | Villager (Male) |
| 13:19 | Create | Skirmisher |
| 13:22 | Build | House |
| 13:23 | Build | House |
| 13:25 | Create | Villager (Male) |
| 13:33 | Create | Villager (Male) |
| 13:41 | Build | Farm |
| 13:52 | Create | Villager (Male) |
| 13:56 | Create | Villager (Male) |
| 14:15 | Create | Villager (Male) |
| 14:18 | Create | Skirmisher |
| 14:20 | Build | Farm |
| 14:25 | Build | Farm |
| 14:26 | Build | Farm |
| 14:35 | Build | House |
| 14:36 | Create | Villager (Male) |
| 14:46 | Create | Skirmisher |
| 14:52 | Research | Town Watch |
| 15:00 | Build | Mining Camp |
| 15:01 | Create | Villager (Male) |
| 15:16 | Create | Villager (Male) |
| 15:25 | Build | Farm |
| 15:26 | Create | Villager (Male) |
| 15:28 | Build | Farm |
| 15:29 | Create | Villager (Male) |
| 16:06 | Build | Blacksmith |
| 16:08 | Create | Villager (Male) |
| 16:25 | Build | Farm |
| 16:51 | Create | Villager (Male) |
| 17:01 | Build | Lumber Camp |
| 17:11 | Create | Skirmisher |
| 17:16 | Research | Castle Age |
| 17:16 | Research | Castle Age |
| 17:30 | Build | House |
| 17:54 | Research | Fletching |
| 17:54 | Research | Fletching |
| 18:08 | Create | Spearman |
| 18:12 | Create | Skirmisher |
| 18:31 | Create | Villager (Male) |
| 18:39 | Create | Skirmisher |
| 18:50 | Create | Skirmisher |
| 19:11 | Build | Palisade Wall |
| 19:13 | Build | Palisade Wall |
| 19:20 | Create | Villager (Male) |
| 19:39 | Create | Spearman |
| 19:58 | Create | Skirmisher |
| 19:58 | Age | Castle Age |
| 20:00 | Create | Villager (Male) |
| 20:08 | Build | Town Center |
| 20:11 | Research | Elite Skirmisher (upgrade) |
| 20:13 | Research | Bodkin Arrow |
| 20:13 | Research | Bodkin Arrow |
| 20:13 | Create | Villager (Male) |
| 20:16 | Create | Villager (Male) |
| 20:23 | Research | Padded Archer Armor |
| 20:24 | Research | Bow Saw |
| 20:43 | Create | Villager (Male) |
| 20:48 | Build | Farm |
| 20:51 | Create | Villager (Male) |
| 21:03 | Create | Skirmisher |
| 21:09 | Create | Villager (Male) |
| 21:10 | Build | Monastery |
| 21:26 | Create | Skirmisher |
| 21:29 | Create | Villager (Male) |
| 21:32 | Create | Villager (Male) |
| 21:35 | Build | Farm |
| 21:37 | Create | Villager (Male) |
| 21:50 | Create | Villager (Male) |
| 21:53 | Create | Villager (Male) |
| 21:55 | Create | Monk |
| 21:59 | Build | Farm |
| 22:01 | Build | Lumber Camp |
| 22:03 | Create | Villager (Male) |
| 22:12 | Create | Skirmisher |
| 22:30 | Build | Farm |
| 22:31 | Build | Farm |
| 22:32 | Create | Monk |
Build order — XEVER | Rivux
First 150 of 363 actions detected
| 0:00 | Create | Villager (Male) |
| 0:00 | Create | Villager (Male) |
| 0:01 | Create | Villager (Male) |
| 0:01 | Create | Villager (Male) |
| 0:01 | Create | Villager (Male) |
| 0:02 | Build | House |
| 0:04 | Build | House |
| 1:27 | Create | Villager (Male) |
| 1:27 | Create | Villager (Male) |
| 1:54 | Create | Villager (Male) |
| 1:56 | Build | Mule Cart |
| 2:24 | Create | Villager (Male) |
| 2:24 | Create | Villager (Male) |
| 2:50 | Create | Villager (Male) |
| 3:23 | Create | Villager (Male) |
| 3:37 | Create | Villager (Male) |
| 3:52 | Build | House |
| 4:02 | Create | Villager (Male) |
| 4:25 | Create | Villager (Male) |
| 4:37 | Build | Barracks |
| 4:56 | Create | Villager (Male) |
| 4:57 | Create | Villager (Male) |
| 5:13 | Build | House |
| 5:34 | Create | Militia |
| 5:36 | Create | Villager (Male) |
| 5:38 | Create | Militia |
| 6:11 | Create | Villager (Male) |
| 6:47 | Create | Villager (Male) |
| 6:48 | Research | Loom |
| 7:08 | Build | Mill |
| 7:39 | Research | Feudal Age |
| 7:54 | Build | Palisade Wall |
| 7:55 | Build | Palisade Wall |
| 7:58 | Build | Palisade Wall |
| 7:59 | Build | Palisade Wall |
| 8:01 | Build | Palisade Wall |
| 8:28 | Build | Palisade Gate |
| 8:44 | Build | Mule Cart |
| 8:46 | Create | Villager (Male) |
| 9:08 | Build | Palisade Wall |
| 9:13 | Build | Palisade Wall |
| 9:17 | Build | Palisade Wall |
| 9:18 | Build | Palisade Wall |
| 9:19 | Build | Palisade Wall |
| 9:24 | Create | Villager (Male) |
| 9:26 | Create | Militia |
| 9:26 | Create | Militia |
| 9:32 | Build | Palisade Wall |
| 9:34 | Build | Palisade Wall |
| 9:37 | Build | Palisade Wall |
| 9:45 | Create | Militia |
| 9:49 | Age | Feudal Age |
| 9:53 | Build | House |
| 10:09 | Research | Man-at-Arms (upgrade) |
| 10:23 | Build | House |
| 10:26 | Build | Archery Range |
| 10:28 | Create | Villager (Male) |
| 10:34 | Research | Town Watch |
| 10:41 | Build | Palisade Wall |
| 10:43 | Build | Palisade Wall |
| 10:44 | Build | Palisade Wall |
| 10:46 | Build | Palisade Wall |
| 10:48 | Build | Palisade Wall |
| 10:50 | Research | Double-Bit Axe |
| 10:51 | Create | Villager (Male) |
| 11:10 | Build | Farm |
| 11:13 | Build | House |
| 11:19 | Create | Villager (Male) |
| 11:21 | Build | House |
| 11:23 | Create | Archer |
| 11:35 | Build | Farm |
| 11:43 | Create | Skirmisher |
| 12:01 | Build | Palisade Wall |
| 12:06 | Create | Archer |
| 12:10 | Build | House |
| 12:12 | Build | Palisade Wall |
| 12:17 | Create | Villager (Male) |
| 12:33 | Create | Villager (Male) |
| 12:33 | Create | Archer |
| 12:34 | Build | Farm |
| 12:45 | Build | House |
| 12:48 | Build | Palisade Wall |
| 12:52 | Build | Palisade Wall |
| 12:59 | Build | Farm |
| 13:00 | Create | Villager (Male) |
| 13:09 | Build | Farm |
| 13:12 | Build | House |
| 13:14 | Build | Palisade Wall |
| 13:16 | Build | Palisade Wall |
| 13:37 | Create | Villager (Male) |
| 13:37 | Create | Archer |
| 14:08 | Create | Villager (Male) |
| 14:17 | Create | Villager (Male) |
| 14:17 | Create | Archer |
| 14:18 | Build | Farm |
| 14:19 | Build | Farm |
| 14:21 | Build | Farm |
| 14:22 | Build | Farm |
| 14:32 | Build | Palisade Gate |
| 14:34 | Create | Villager (Male) |
| 14:38 | Build | House |
| 14:53 | Build | Farm |
| 14:57 | Build | Farm |
| 15:11 | Create | Villager (Male) |
| 15:29 | Build | Blacksmith |
| 15:43 | Create | Villager (Male) |
| 15:46 | Create | Archer |
| 15:58 | Build | Farm |
| 16:07 | Research | Fletching |
| 16:07 | Create | Villager (Male) |
| 16:09 | Build | House |
| 16:11 | Build | Farm |
| 16:26 | Create | Villager (Male) |
| 16:28 | Build | Farm |
| 16:48 | Build | House |
| 16:50 | Build | Farm |
| 16:53 | Create | Villager (Male) |
| 17:10 | Build | Farm |
| 17:19 | Create | Villager (Male) |
| 17:38 | Create | Archer |
| 18:11 | Create | Villager (Male) |
| 18:14 | Build | Stable |
| 18:38 | Build | Archery Range |
| 18:52 | Research | Castle Age |
| 18:53 | Research | Castle Age |
| 18:59 | Create | Skirmisher |
| 19:19 | Build | Mule Cart |
| 19:26 | Research | Gold Mining |
| 19:43 | Create | Villager (Male) |
| 19:44 | Create | Archer |
| 19:48 | Create | Archer |
| 20:06 | Create | Villager (Male) |
| 20:21 | Create | Villager (Male) |
| 20:21 | Create | Archer |
| 20:30 | Create | Archer |
| 20:34 | Research | Horse Collar |
| 20:34 | Research | Horse Collar |
| 20:59 | Create | Archer |
| 21:02 | Build | Farm |
| 21:10 | Build | Farm |
| 21:32 | Age | Castle Age |
| 21:37 | Build | Monastery |
| 21:41 | Research | Bodkin Arrow |
| 22:03 | Build | Farm |
| 22:04 | Create | Villager (Male) |
| 22:08 | Research | Bow Saw |
| 22:30 | Create | Villager (Male) |
| 22:40 | Create | Villager (Male) |
| 22:45 | Build | Siege Workshop |
| 22:51 | Build | Town Center |
Match timeline
| 4:37 | XEVER | Rivux · first_building Barracks |
| 4:54 | Courtesy · first_building Barracks |
| 5:56 | Courtesy · wall_segment Palisade Wall x2 |
| 6:26 | Courtesy · wall_segment Palisade Wall x9 |
| 7:42 | Courtesy · wall_segment Palisade Wall x7 |
| 7:54 | XEVER | Rivux · wall_segment Palisade Wall x1 |
| 7:55 | XEVER | Rivux · wall_segment Palisade Wall x1 |
| 7:58 | XEVER | Rivux · wall_segment Palisade Wall x3 |
| 7:59 | XEVER | Rivux · wall_segment Palisade Wall x2 |
| 8:01 | XEVER | Rivux · wall_segment Palisade Wall x3 |
| 9:08 | XEVER | Rivux · wall_segment Palisade Wall x2 |
| 9:13 | XEVER | Rivux · wall_segment Palisade Wall x1 |
| 9:16 | Courtesy · age_up feudal |
| 9:17 | XEVER | Rivux · wall_segment Palisade Wall x1 |
| 9:18 | XEVER | Rivux · wall_segment Palisade Wall x1 |
| 9:19 | XEVER | Rivux · wall_segment Palisade Wall x1 |
| 9:32 | XEVER | Rivux · wall_segment Palisade Wall x1 |
| 9:34 | XEVER | Rivux · wall_segment Palisade Wall x2 |
| 9:37 | XEVER | Rivux · wall_segment Palisade Wall x1 |
| 9:49 | XEVER | Rivux · age_up feudal |
| 9:59 | Courtesy · first_building Archery Range |
| 10:26 | XEVER | Rivux · first_building Archery Range |
| 10:41 | XEVER | Rivux · wall_segment Palisade Wall x1 |
| 10:43 | XEVER | Rivux · wall_segment Palisade Wall x1 |
| 10:44 | XEVER | Rivux · wall_segment Palisade Wall x1 |
| 10:46 | XEVER | Rivux · wall_segment Palisade Wall x1 |
| 10:48 | XEVER | Rivux · wall_segment Palisade Wall x1 |
| 12:01 | XEVER | Rivux · wall_segment Palisade Wall x9 |
| 12:12 | XEVER | Rivux · wall_segment Palisade Wall x6 |
| 12:48 | XEVER | Rivux · wall_segment Palisade Wall x1 |
| 12:52 | XEVER | Rivux · wall_segment Palisade Wall x1 |
| 13:14 | XEVER | Rivux · wall_segment Palisade Wall x1 |
| 13:16 | XEVER | Rivux · wall_segment Palisade Wall x3 |
| 18:14 | XEVER | Rivux · first_building Stable |
| 19:11 | Courtesy · wall_segment Palisade Wall x4 |
| 19:13 | Courtesy · wall_segment Palisade Wall x14 |
| 19:58 | Courtesy · age_up castle |
| 21:10 | Courtesy · first_building Monastery |
| 21:32 | XEVER | Rivux · age_up castle |
| 21:37 | XEVER | Rivux · first_building Monastery |
| 22:45 | XEVER | Rivux · first_building Siege Workshop |
| 24:29 | Courtesy · first_building Stable |
| 30:51 | Courtesy · first_building Castle |
| 31:13 | XEVER | Rivux · wall_segment Palisade Wall x1 |
| 32:05 | XEVER | Rivux · first_building Castle |
| 32:58 | XEVER | Rivux · age_up imperial |
| 35:05 | Courtesy · age_up imperial |
| 36:47 | XEVER | Rivux · resign |
[ AI ANALYSIS · 1 CREDIT ]
What really happened in this match?
Wolo.gg analyzes every decision: build order, eco, micro, common mistakes by bracket. Personalized analysis on WhatsApp or Discord in 30 seconds.
Civ guide
Lithuanians
Perfil
Jugador #3022245